 Dungeon Crawl Stone Soup version bcrawl-1.19.2-6-g6a88ae04c9 (webtiles) character file.

Game seed: 14524073047518144345

1019 Mrkan the Cudgeler (level 8, 0/50 HPs)
             Began as a Gargoyle Fighter on Dec 31, 2019.
             Was a Follower of Ashenzari.
             Slain by a troll (7 damage)
             ... on level 5 of the Dungeon.
             The game lasted 00:06:12 (3818 turns).

Mrkan the Cudgeler (Gargoyle Fighter)               Turns: 3818, Time: 00:06:12

Health: 0/50       AC: 19    Str: 19    XL:     8   Next: 22%
Magic:  8/8        EV:  5    Int: 10    God:    Ashenzari [*.....]
Gold:   318        SH: 10    Dex: 11    Spells: 7/7 levels left

rFire    . . .     SeeInvis .   s - +0 flail (holy)
rCold    . . .     Gourm    .   c - +0 shield (curse)
rNeg     + . .     Faith    .   t - +0 chain mail
rPois    ∞         Spirit   .   r - +0 helmet (curse)
rElec    +         Reflect  .   b - +0 cloak
rCorr    .         Harm     .   q - +0 pair of gloves (curse)
MR       .....                  (no boots)
Stlth    ..........             (no amulet)
HPRegen  0.16/turn              (no ring)
MPRegen  0.11/turn              (no ring)

@: no status effects
A: negative energy resistance 1, electricity resistance, unbreathing,
petrification resistance, rot immunity, AC +5
a: Curse Item, Scrying, Renounce Religion


You were on level 5 of the Dungeon.
You worshipped Ashenzari.
Ashenzari was aware of your devotion.
You were very hungry.

You visited 1 branch of the dungeon, and saw 5 of its levels.

You collected 318 gold pieces.

Inventory:

Hand Weapons
 s - a +0 flail of holy wrath (weapon)
Armour
 b - a +0 cloak (worn)
 c - a cursed +0 shield (worn)
 q - a cursed +0 pair of gloves (worn)
 r - a cursed +0 helmet (worn)
 t - a +0 chain mail (worn)
Scrolls
 a - a scroll of acquirement {unknown}
 h - 2 scrolls of teleportation {unknown}
 i - 2 scrolls of magic mapping {unknown}
 j - 6 scrolls of identify {unknown}
 m - 5 scrolls of remove curse {unknown}
 n - a scroll of fog {unknown}
 o - 2 scrolls of enchant armour {unknown}
 p - a scroll of enchant weapon {unknown}
Potions
 d - 2 potions of might
 e - 3 potions of heal wounds {unknown}
 g - a potion of brilliance {unknown}
 k - 4 potions of curing {unknown}
 l - a potion of invisibility {unknown}
Comestibles
 f - 11 rations {!d}


   Skills:
 + Level 5.6 Fighting
 * Level 6.1 Maces & Flails
 + Level 5.6 Armour
 + Level 5.5 Shields


You had 7 spell levels left.
You didn't know any spells.
Your spell library contained the following spells:

 Spells                   Type           Power        Failure   Level  Hunger
 Apportation              Tloc           #.....       100%        1    ##.....
 Infusion                 Chrm           #.......     100%        1    ##.....
 Sandblast                Erth           #.....       100%        1    ##.....
 Slow                     Hex            #.......     100%        1    ##.....
 Summon Butterflies       Summ           #.......     100%        1    ##.....


Dungeon Overview and Level Annotations

Branches:
Dungeon (5/12)             Temple (0/1) D:4

Altars:
Ashenzari
Fedhas
Gozag
Nemelex Xobeh
Sif Muna
Trog
Xom


Innate Abilities, Weirdness & Mutations

You are resistant to torment.
Your stone body is resilient. (AC +5)
You are immune to poison.
You resist negative energy. (rN+)
You are resistant to electric shocks. (rElec)
You can survive without breathing.
You are immune to petrification.
You are immune to rotting.


Message History

You closely miss the troll.
The troll is lightly wounded.
You block the troll's attack.
The troll claws you but does no damage. x2
Your chain mail prevents you from hitting the troll.
The troll bites you. The troll claws you. You block the troll's attack.
You closely miss the troll. The troll bites you. The troll barely misses you.
You block the troll's attack.
You completely miss the troll. The troll bites you. The troll claws you.
You block the troll's attack.
You closely miss the troll. The troll completely misses you.
The troll claws you but does no damage. x2; You block the troll's attack.
The troll claws you!
* * * LOW HITPOINT WARNING * * *
You block the troll's attack.
You sock the troll!
The troll is lightly wounded.
The troll bites you!
* * * LOW HITPOINT WARNING * * *
The troll claws you!
You die...

###########
..##......#
#.##.####.#
#.##.####.########
#.#<.##..........#
........#.######@#
#.........# #T#
#...^###### #.#
#.#.## #.# ..#.#
#.# ###.# ### #.#
##p## #.. ..#
##.<.## #.# ###
#.....## #.###


You could see a troll.

Vanquished Creatures
  Pikel (D:5)
  An ice beast (D:5)
  A centaur (D:5)
  A crimson imp (D:4)
  A centaur zombie (D:5)
  An orc priest (D:4)
  Crazy Yiuf (D:5)
  2 hounds (D:3)
  2 orc wizards
  Ijyb (D:5)
  A worker ant (D:4)
  A worker ant zombie (D:4)
  A gnoll (D:3)
  9 adders
  An ooze (D:2)
  3 worms
  3 dart slugs
  3 leopard geckos
  11 orcs
  A ball python (D:2)
  9 giant cockroaches
  6 goblins
  7 hobgoblins
  3 jackals (D:2)
  9 kobolds
  A quokka (D:2)
  6 bats
  2 frilled lizards
  A quokka skeleton (D:4)
  5 rats
95 creatures vanquished.

Vanquished Creatures (others)
  A slave (D:5)
1 creature vanquished.

Grand Total: 96 creatures vanquished

Notes
Turn   | Place    | Note
-------+----------+-------------------------------------------
     0 | D:1      | Mrkan the Gargoyle Fighter began the quest for the Orb.
     0 | D:1      | Reached XP level 1. HP: 14/14 MP: 1/1
    49 | D:1      | Found a shattered altar of Ashenzari.
    59 | D:1      | Reached XP level 2. HP: 10/19 MP: 2/2
    66 | D:1      | Became a worshipper of Ashenzari the Shackled
   503 | D:1      | Reached XP level 3. HP: 23/23 MP: 3/3
   981 | D:2      | Found a blossoming altar of Fedhas.
  1032 | D:2      | Reached * piety under Ashenzari
  1213 | D:2      | Reached skill level 3 in Maces & Flails
  1298 | D:2      | Reached XP level 4. HP: 27/29 MP: 4/4
  1415 | D:2      | Found a shimmering blue altar of Sif Muna.
  1554 | D:2      | Found a sparkling altar of Nemelex Xobeh.
  1827 | D:3      | Found a faded altar of an unknown god.
  1881 | D:3      | Reached XP level 5. HP: 32/33 MP: 5/5
  2237 | D:3      | Reached skill level 4 in Maces & Flails
  2283 | D:3      | Reached XP level 6. HP: 36/39 MP: 6/6
  2520 | D:4      | Found a bloodstained altar of Trog.
  2551 | D:4      | Found a staircase to the Ecumenical Temple.
  2810 | D:4      | Found a shimmering altar of Xom.
  2831 | D:4      | Found an opulent altar of Gozag.
  3064 | D:5      | Entered Level 5 of the Dungeon
  3122 | D:5      | Found a runed door.
  3182 | D:5      | Reached XP level 7. HP: 40/44 MP: 7/7
  3248 | D:5      | Noticed Crazy Yiuf
  3254 | D:5      | Killed Crazy Yiuf
  3254 | D:5      | Reached skill level 5 in Maces & Flails
  3292 | D:5      | Noticed Ijyb
  3330 | D:5      | Killed Ijyb
  3562 | D:5      | Reached skill level 5 in Fighting
  3562 | D:5      | Reached skill level 5 in Armour
  3577 | D:5      | Noticed Pikel
  3615 | D:5      | Killed Pikel
  3615 | D:5      | Reached skill level 6 in Maces & Flails
  3615 | D:5      | Reached skill level 5 in Shields
  3615 | D:5      | Reached XP level 8. HP: 36/50 MP: 8/8
  3809 | D:5      | Noticed a troll
  3818 | D:5      | Slain by a troll

Skill      XL: |  1  2  3  4  5  6  7 |
---------------+----------------------+-----
Maces & Flails | 3 4 6 |  6.1
Fighting       | 4 5 |  5.6
Armour         | 4 5 |  5.6
Shields        | 4 5 |  5.5

Action                   |  1- 3 |  4- 6 |  7- 9 || total
-------------------------+-------+-------+-------++-------
Melee: Flail             |   116 |   216 |    61 ||   393
       Unarmed           |       |       |    18 ||    18
Invok: Curse Item        |     1 |     2 |       ||     3
 Stab: Invisible         |       |       |     1 ||     1
  Eat: Chunk             |     1 |     7 |     1 ||     9
Armor: Scale mail        |    78 |   127 |       ||   205
       Chain mail        |       |    46 |    34 ||    80
       Skin              |       |       |     8 ||     8
Dodge: Dodged            |    56 |    87 |    22 ||   165
Block: Shield            |    68 |   138 |    34 ||   240
